 Dungeon Crawl Stone Soup version 0.28-a0-1389-gc726bef33b (webtiles) character file.

Game seed: 9744751249380587497

92366 ChaosChampion the Slicer (level 16, -4/88 HPs)
             Began as a Vine Stalker Fighter on Jan 3, 2022.
             Was an Elder of Uskayaw.
             Slain by a +2 glaive of venom (8 damage)
             ... on level 1 of the Elven Halls.
             The game lasted 00:45:19 (23781 turns).

ChaosChampion the Slicer (Vine Stalker Fighter)    Turns: 23781, Time: 00:45:20

Health: -4/88      AC: 30    Str: 23    XL:     16   Next: 5%
Magic:  0/21       EV:  8    Int:  8    God:    Uskayaw [****..]
Gold:   2243       SH: 12    Dex: 16    Spells: 15/15 levels left

rFire   + . .      SeeInvis +   a - +9 quick blade (chaos)
rCold   . . .      Faith    +   S - +0 kite shield
rNeg    . . .      Spirit   +   w - +4 crystal plate armour
rPois   +          Reflect  .   (helmet restricted)
rElec   .          Harm     .   f - scarf {repulsion}
rCorr   +          Rampage  +   M - +1 pair of gloves of Spring Thaw {rPois rCorr}
Will    ++...      Clarity  +   L - +2 pair of boots {rampage}
Stlth   ..........              T - amulet of faith
HPRegen 1.04/turn               P - ring of Zotumehe {rPois rF+ rCorr SInv}
MPRegen 0.17/turn               t - +4 ring of slaying

@: lethally poisoned (-4 -> -11), marked, repel missiles
A: fangs 3, regeneration 1, magic shield, antimagic bite, no potion heal 2,
hooves 1, horns 1, see invisible, clarity, weak 1
a: Renounce Religion, Stomp, Line Pass


You were on level 1 of the Elven Halls.
You worshipped Uskayaw.
Uskayaw was noncommittal.
You visited 5 branches of the dungeon, and saw 25 of its levels.
You also visited: Ossuary and Gauntlet.

You collected 3318 gold pieces.
You spent 1075 gold pieces at shops.

Inventory:

Hand Weapons
 a - a +9 quick blade of chaos (weapon)
 J - a +6 dagger of venom
Armour
 f - a scarf of repulsion (worn)
 p - a +0 cloak
 w - a +4 crystal plate armour (worn)
 D - a +2 helmet of intelligence
 L - a +2 pair of boots of rampaging (worn)
 M - the +1 pair of gloves of Spring Thaw (worn) {rPois rCorr}
   (You found it in a Gauntlet)

   rPois:     It protects you from poison.
   rCorr:     It protects you from acid and corrosion.
 Q - +0 fire dragon scales
 S - a +0 kite shield (worn)
Jewellery
 b - a ring of ice
 j - a +4 ring of evasion
 t - a +4 ring of slaying (right hand)
 v - the ring "Vogyel" {Fire rPois}
   (You found it in a Gauntlet)

   [ring of fire]

   It enhances your fire magic.
   rF:        It protects you from fire.
   rC:        It makes you vulnerable to cold.
   rPois:     It protects you from poison.
 O - an amulet of the acrobat
 P - the ring of Zotumehe (left hand) {rPois rF+ rCorr SInv}
   (You found it on level 8 of the Dungeon)

   [ring of protection from fire]

   rF:        It protects you from fire.
   rPois:     It protects you from poison.
   SInv:      It lets you see invisible.
   rCorr:     It protects you from acid and corrosion.
 T - an amulet of faith (around neck)
Wands
 x - a wand of charming (27)
 C - a wand of iceblast (10)
 F - a wand of paralysis (23)
 G - a wand of mindburst (12)
Scrolls
 g - 4 scrolls of fear
 h - 5 scrolls of magic mapping
 k - 11 scrolls of teleportation
 m - a scroll of enchant armour
 n - 2 scrolls of enchant weapon
 o - a scroll of blinking
 u - 8 scrolls of silence
 E - a scroll of fog
Potions
 c - a potion of berserk rage {unknown}
 d - 4 potions of might
 e - 5 potions of heal wounds
 i - 2 potions of resistance
 l - 12 potions of curing
 s - 5 potions of haste
 z - 4 potions of mutation
 A - 3 potions of flight
 B - 3 potions of brilliance
 H - 4 potions of magic
 N - a potion of ambrosia


   Skills:
 + Level 11.6 Fighting
 + Level 13.1 Short Blades
 + Level 10.6 Armour
 + Level 10.3 Dodging
 + Level 11.6 Shields
 - Level 6.0 Invocations


You had 15 spell levels left.
You didn't know any spells.
Your spell library contained the following spells:

 Spells                   Type           Power      Damage    Failure   Level
 Apportation              Tloc           0%         N/A       100%        1
 Foxfire                  Conj/Fire      0%         2x1d4     100%        1
 Freeze                   Ice            0%         1d3       100%        1
 Magic Dart               Conj           0%         1d3       100%        1
 Pain                     Necr           0%         1d4       100%        1
 Shock                    Conj/Air       0%         1d3       100%        1
 Slow                     Hex            0%         N/A       100%        1
 Sting                    Tmut/Pois      0%         1d3       100%        1
 Call Imp                 Summ           0%         N/A       100%        2
 Ensorcelled Hibernation  Hex/Ice        0%         N/A       100%        2
 Poisonous Vapours        Pois/Air       0%         N/A       100%        2
 Confusing Touch          Hex            0%         N/A       100%        3
 Conjure Flame            Conj/Fire      0%         6-21      100%        3
 Dazzling Flash           Conj/Hex       0%         N/A       100%        3
 Frozen Ramparts          Ice            0%         1d2       100%        3
 Gell's Gravitas          Tloc           0%         N/A       100%        3
 Ignite Poison            Fire/Tmut/Pois 0%         N/A       100%        3
 Inner Flame              Hex/Fire       0%         N/A       100%        3
 Lesser Beckoning         Tloc           0%         N/A       100%        3
 Mephitic Cloud           Conj/Pois/Air  0%         N/A       100%        3
 Spider Form              Tmut/Pois      0%         N/A       100%        3
 Stone Arrow              Conj/Erth      0%         3d7       100%        3
 Swiftness                Air            0%         N/A       100%        3
 Teleport Other           Tloc           0%         N/A       100%        3
 Vampiric Draining        Necr           0%         2d6       100%        3
 Airstrike                Air            0%         N/A       100%        4
 Animate Armour           Summ/Erth      0%         N/A       100%        4
 Flame Wave               Conj/Fire      0%         2d4       100%        4
 Hailstorm                Conj/Ice       0%         3d3       100%        4
 Ice Form                 Ice/Tmut       0%         N/A       100%        4
 Olgreb's Toxic Radiance  Pois           0%         N/A       100%        4
 Agony                    Necr           0%         N/A       100%        5
 Alistair's Intoxication  Tmut/Pois      0%         N/A       100%        5
 Blade Hands              Tmut           0%         N/A       100%        5
 Excruciating Wounds      Necr           0%         N/A       100%        5
 Freezing Cloud           Conj/Ice/Air   0%         6-21      100%        5
 Iskenderun's Battlesphe  Conj           0%         2d6       100%        5
 Silence                  Hex/Air        0%         N/A       100%        5
 Iron Shot                Conj/Erth      0%         9d1       100%        6
 Simulacrum               Ice/Necr       0%         N/A       100%        6
 Ozocubu's Refrigeration  Ice            0%         4d5       100%        7
 Spellforged Servitor     Conj/Summ      0%         N/A       100%        7
 Ignition                 Fire           0%         3d3       100%        8
 Lehudib's Crystal Spear  Conj/Erth      0%         10d2      100%        8


Dungeon Overview and Level Annotations

Branches:
Dungeon (15/15)            Temple (1/1) D:6            Lair (6/6) D:10
 Shoals (0/4) Lair:2       Spider (0/4) Lair:4        Slime (0/5) Lair:6
    Orc (2/2) D:12            Elf (1/3) Orc:2       Ossuary (visited)
Gauntlet (visited)
 Vaults: D:13-14     Depths: D:15

Altars:
Ashenzari
Cheibriados
Dithmenos
Elyvilon
Fedhas
Gozag
Hepliaklqana
Kikubaaqudgha
Makhleb
Nemelex Xobeh
Okawaru
Qazlal
Ru
Sif Muna
Trog
Uskayaw
Vehumet
Wu Jian
Xom
Yredelemnul
Zin
The Shining One

Shops:
D:3 [   D:7 ?(=*   D:12 (   D:13 =   D:14 *   Orc:1 ?   Orc:2 :[[*   Elf:1 *

Annotations:
D:2 1 runed translucent door, Crazy Yiuf
D:12 Kirke
D:14 3 runed translucent doors, Wizop's ghost, journeyman TeSu


Innate Abilities, Weirdness & Mutations

You have razor-sharp teeth.
Your natural rate of healing is unusually fast.
When hurt, damage is shared between your health and your magic reserves.
Your bite disrupts and absorbs the magic of your enemies.
Potions cannot restore your health.
You have large cloven feet.
You have a pair of small horns on your head.
You have supernaturally acute eyesight. (SInv)
You possess an exceptional clarity of mind.
You are weak. (Str -2)


Message History

You hear rumbling.
The deep elf pyromancer casts a spell.
The deep elf pyromancer blinks!
Uskayaw prepares the audience for your solo!
The deep elf zephyrmancer is no longer paralysed.
The +4 mace of holy wrath is no longer paralysed.
The deep elf pyromancer is no longer paralysed.
The deep elf knight is no longer paralysed.
Your surroundings suddenly seem different.
A dancing weapon, 4 deep elf knights and a deep elf pyromancer come into view.
A deep elf knight is wielding a +0 scimitar and wearing a +2 leather armour of cold resistance.
There is a +2 glaive of venom.
Found Gouv's Assorted Antiques.
The deep elf knight casts a spell.
The deep elf knight flickers and vanishes for a moment.
The +2 glaive of venom barely misses you.
A deep elf pyromancer comes into view. It is wielding a +0 rapier.
A +2 vampiric hand axe comes into view.
You block the +2 glaive of venom's attack.
You can no longer merge with and destroy a victim.
You are too injured to fight recklessly!
You closely miss the deep elf knight.
Your headbutt misses the deep elf knight.
You puncture the deep elf knight! You bite the deep elf knight!
The deep elf knight's magic leaks into the air.
You drain its magic.
You feel invigorated.
The deep elf knight is heavily wounded.
The +2 glaive of venom hits you from afar!
* * * LOW HITPOINT WARNING * * *
You are lethally poisoned!
As you read the scroll of fear, it crumbles to dust.
You assume a fearsome visage.
The deep elf knight looks frightened!
The +2 vampiric hand axe is unaffected.
The deep elf knight looks frightened!
The +2 glaive of venom is unaffected.
* * * LOW HITPOINT WARNING * * *
You feel very sick.
The deep elf knight cries, "Mercy!"
The deep elf knight casts a spell.
The deep elf knight flickers and vanishes for a moment.
The +2 glaive of venom hits you from afar!!
You die...

.###..###..eEe..
# ..#.# #.......
...#.# #..e.....
...#.. ...(....
.# # ...######
e####
.......@#..e..#
.....##.e(e# ...
#e###.# . .#(e.#
#. e..#. ..
..8.8. ###
##.⌠.⌠. .8.∩.8
#.⌠.⌠


You could see 3 deep elf knights, 2 deep elf pyromancers and 2 dancing weapons.

Vanquished Creatures
  Frances (D:13)
  A minotaur (Gauntlet)
  Azrael (Orc:2)
  A blizzard demon (Gauntlet)
  Fannar (D:10)
  A fire dragon (Lair:6)
  4 boulder beetles
  Harold (Lair:1)
  11 hydras
  2 centaur warriors (D:13)
  A catoblepas (Lair:6)
  6 two-headed ogres
  15 death yaks
  A dancing weapon (Elf:1)
  3 orc high priests (Orc:2)
  A tengu warrior (D:14)
  Nergalle (Lair:4)
  A fire crab (shapeshifter) (D:14)
  A deep elf archer (Elf:1)
  2 wizards
  4 deep elf zephyrmancers (Elf:1)
  5 lindwurms
  3 deep elf pyromancers
  5 orc knights
  4 cyclopes
  4 orc sorcerers (Orc:2)
  5 manticores
  7 ugly things
  Joseph (Lair:1)
  6 elephants
  6 black mambas
  7 torpor snails (Lair:6)
  3 gargoyles (D:12)
  A smoke demon (Gauntlet)
  4 cane toads
  3 kobold demonologists (D:10)
  An unseen horror (D:10)
  6 komodo dragons
  6 rime drakes
  An efreet (D:14)
  2 ice devils (Gauntlet)
  A freezing wraith (D:14)
  A tengu conjurer (D:14)
  3 trolls
  A queen bee (Lair:5)
  16 blink frogs
  9 hornets
  4 tyrant leeches (Lair:6)
  A slime creature (D:10)
  2 dream sheep (Lair:6)
  A shadow (D:12)
  3 wyverns
  A spriggan (shapeshifter) (D:10)
  3 centaur simulacra (Gauntlet)
  2 vampires
  2 wraiths
  2 fire elementals (Orc:2)
  34 yaks
  3 basilisks
  6 hogs (D:12)
  A steam dragon (D:7)
  A redback (Lair:4)
  8 vampire mosquitoes
  Menkaure (Ossuary)
  A warg (Orc:1)
  An acid dragon (shapeshifter) (D:14)
  7 water moccasins
  Duvessa (D:7)
  4 hell hounds (Orc:2)
  25 orc warriors
  4 black bears
  A sky beast (D:5)
  An ice beast (D:5)
  11 ogres
  3 necrophages
  16 wolves
  9 centaurs
  3 kobold brigands
  A phantom (D:5)
  2 gnoll sergeants
  3 scorpions
  18 bullfrogs
  2 earth elementals (Elf:1)
  A wyvern skeleton (D:6)
  Dowan (D:7)
  12 killer bees
  5 wights (D:7)
  6 howler monkeys
  4 crimson imps
  A wyvern simulacrum (Gauntlet)
  6 centaur zombies
  A hound (D:5)
  7 jellies
  A bullfrog zombie (D:4)
  24 orc priests
  A centaur skeleton (D:5)
  2 bullfrog skeletons
  2 gnoll shamans
  Jessica (D:2)
  3 iguanas
  30 orc wizards
  5 hell rats (Lair:4)
  Terence (D:2)
  A hound zombie (D:5)
  4 mummies
  3 howler monkey zombies
  8 adders
  16 gnolls
  2 shadow imps
  2 white imps
  An ufetubus (D:6)
  An adder zombie (D:5)
  An adder skeleton (D:4)
  A worm (D:5)
  2 dart slugs
  76 orcs
  9 endoplasms
  7 giant cockroaches
  6 gnoll zombies (Ossuary)
  9 goblins
  8 hobgoblins
  2 jackals (D:4)
  16 kobolds
  3 quokkas
  7 ball pythons
  A bat (D:2)
  4 frilled lizards
  9 gnoll skeletons (Ossuary)
  2 goblin skeletons (Ossuary)
  3 goblin zombies (Ossuary)
  5 hobgoblin skeletons (Ossuary)
  6 hobgoblin zombies (Ossuary)
  4 kobold skeletons (Ossuary)
  5 kobold zombies
  3 orc skeletons (Ossuary)
  7 orc zombies
  5 rats
  2 rat skeletons (Ossuary)
  2 rat zombies (Ossuary)
716 creatures vanquished.

Vanquished Creatures (others)
  A deep elf archer (Elf:1)
  2 orc wizards (Orc:2)
  A demonic plant (Gauntlet)
  16 fungi
  28 plants
48 creatures vanquished.

Grand Total: 764 creatures vanquished

Notes
Turn   | Place    | Note
-------+----------+-------------------------------------------
     0 | D:1      | ChaosChampion the Vine Stalker Fighter began the quest for
                  | the Orb.
     0 | D:1      | Reached XP level 1. HP: 11/11 MP: 2/2
   134 | D:1      | Reached XP level 2. HP: 14/16 MP: 3/3
   553 | D:1      | Reached skill level 2 in Short Blades
   783 | D:2      | Noticed Jessica
   797 | D:2      | Killed Jessica
   798 | D:2      | Reached XP level 3. HP: 13/20 MP: 1/4
   982 | D:2      | Found an iron altar of Okawaru.
   991 | D:2      | Reached skill level 1 in Dodging
   997 | D:2      | Found a faded altar of an unknown god.
  1070 | D:2      | Found a runed translucent door.
  1071 | D:2      | Noticed Crazy Yiuf
  1170 | D:2      | Noticed Terence
  1254 | D:2      | Killed Terence
  1255 | D:2      | Gained mutation: Your natural rate of healing is unusually
                  | fast. [Vine Stalker growth]
  1255 | D:2      | Reached XP level 4. HP: 9/24 MP: 5/5
  1637 | D:2      | Reached XP level 5. HP: 9/28 MP: 6/6
  2124 | D:3      | Reached XP level 6. HP: 28/32 MP: 4/7
  2184 | D:3      | Found Lukkemun's Armour Boutique.
  2243 | D:3      | Reached skill level 3 in Short Blades
  2698 | D:5      | Entered Level 5 of the Dungeon
  2715 | D:6      | Reached XP level 7. HP: 37/37 MP: 8/8
  2790 | D:6      | Found a staircase to the Ecumenical Temple.
  2806 | Temple   | Entered the Ecumenical Temple
  3102 | Temple   | Became a worshipper of Uskayaw the Reveller
  3126 | D:6      | Reached * piety under Uskayaw
  3233 | D:6      | Reached ** piety under Uskayaw
  3410 | D:6      | Reached *** piety under Uskayaw
  3412 | D:6      | Reached **** piety under Uskayaw
  3427 | D:6      | Gained mutation: You have razor-sharp teeth. [Vine Stalker
                  | growth]
  3427 | D:6      | Reached XP level 8. HP: 38/42 MP: 9/9
  3454 | D:6      | Reached skill level 1 in Invocations
  3751 | D:6      | Reached skill level 4 in Short Blades
  4389 | D:4      | Identified the +4 scythe "Wyomm" {venom, rF- rC+ Int+3
                  | SInv}
  4855 | D:5      | Reached skill level 5 in Fighting
  4880 | D:5      | Reached skill level 5 in Shields
  4891 | D:5      | Reached XP level 9. HP: 45/47 MP: 9/12
  4913 | D:5      | Reached ***** piety under Uskayaw
  5687 | D:7      | Gained mutation: You have a pair of small horns on your
                  | head. [potion of mutation]
  5687 | D:7      | Gained mutation: You are weak. (Str -2) [potion of
                  | mutation]
  5687 | D:7      | Gained mutation: You have hidden genetic potential. [potion
                  | of mutation]
  5687 | D:7      | Gained mutation: You have supernaturally acute eyesight.
                  | (SInv) [potion of mutation]
  5765 | D:7      | Found Dicetul's Jewellery Shop.
  5869 | D:7      | Found Oxkec's Weapon Emporium.
  5891 | D:7      | Found Masmuekk's Magic Scroll Boutique.
  5901 | D:7      | Bought a scroll of identify for 24 gold pieces
  5901 | D:7      | Bought a scroll of identify for 24 gold pieces
  5901 | D:7      | Bought a scroll of enchant armour for 90 gold pieces
  5901 | D:7      | Bought a scroll of identify for 24 gold pieces
  5901 | D:7      | Bought a scroll of identify for 24 gold pieces
  6000 | D:7      | Reached skill level 5 in Armour
  6054 | D:7      | Reached skill level 5 in Short Blades
  6065 | D:7      | Reached skill level 5 in Invocations
  6195 | D:7      | Found Doynasae's General Store.
  6203 | D:7      | Bought a scroll of enchant armour for 120 gold pieces
  6346 | D:7      | Noticed Duvessa
  6346 | D:7      | Noticed Dowan
  6354 | D:7      | Killed Duvessa
  6355 | D:7      | Killed Dowan
  6663 | D:8      | Found a sand-covered staircase.
  6673 | Ossuary  | Entered an ossuary
  6946 | Ossuary  | Noticed Menkaure
  6951 | Ossuary  | Killed Menkaure
  6952 | Ossuary  | Reached XP level 10. HP: 47/53 MP: 12/15
  7058 | D:8      | Noticed a manticore
  7067 | D:8      | Killed a manticore
  7080 | D:8      | Gained mutation: You possess an exceptional clarity of
                  | mind. [hidden potential]
  7085 | D:8      | Identified the ring of Zotumehe {rPois rF+ rCorr SInv}
  7599 | D:9      | Found an opulent altar of Gozag.
  7610 | D:9      | Reached skill level 6 in Short Blades
  7883 | D:9      | Noticed a two-headed ogre
  7902 | D:9      | Killed a two-headed ogre
  7903 | D:9      | Reached skill level 7 in Short Blades
  8482 | D:9      | Reached skill level 8 in Short Blades
  8532 | D:9      | Reached XP level 11. HP: 53/56 MP: 16/16
  8743 | D:9      | Reached skill level 9 in Short Blades
  8750 | D:9      | Gained mutation: You have large cloven feet. [hidden
                  | potential]
  8750 | D:9      | Lost mutation: You have hidden genetic potential. [hidden
                  | potential expressed]
  8820 | D:10     | Entered Level 10 of the Dungeon
  8920 | D:10     | Noticed a two-headed ogre
  8930 | D:10     | Killed a two-headed ogre
  8931 | D:10     | Reached skill level 10 in Short Blades
  8942 | D:10     | Reached skill level 5 in Dodging
  8954 | D:10     | Found a staircase to the Lair.
  9007 | D:10     | Noticed a sun demon
  9088 | D:10     | Noticed a two-headed ogre
  9089 | D:10     | Noticed a cyclops
  9093 | D:10     | Killed a two-headed ogre
  9094 | D:10     | Noticed a manticore
  9096 | D:10     | Killed a cyclops
  9111 | D:10     | Killed a manticore
  9130 | D:10     | Noticed Fannar
  9789 | D:11     | Noticed a cyclops
  9796 | D:11     | Killed a cyclops
  9829 | D:11     | Reached XP level 12. HP: 63/63 MP: 17/17
 10274 | D:11     | Noticed a seven-headed hydra
 10282 | D:11     | Killed a seven-headed hydra
 10912 | D:12     | Noticed a two-headed ogre
 10927 | D:12     | Killed a two-headed ogre
 10960 | D:12     | Identified a scroll of acquirement
 10960 | D:12     | Acquired a +7 quick blade
 11178 | D:7      | Bought a scroll of brand weapon for 240 gold pieces
 12025 | Lair:1   | Entered Level 1 of the Lair of Beasts
 12056 | D:10     | Found a staircase to the Lair.
 12219 | D:10     | Killed Fannar
 13043 | Lair:1   | Noticed Joseph
 13067 | Lair:1   | Killed Joseph
 13240 | Lair:1   | Noticed Harold
 13251 | Lair:1   | Killed Harold
 13419 | Lair:2   | Noticed a five-headed hydra
 13425 | Lair:2   | Killed a five-headed hydra
 13474 | Lair:2   | Noticed an eight-headed hydra
 13482 | Lair:2   | Killed an eight-headed hydra
 13506 | Lair:2   | Found a staircase to the Shoals.
 13613 | Lair:2   | Reached XP level 13. HP: 67/69 MP: 16/18
 14435 | Lair:3   | Reached ****** piety under Uskayaw
 14463 | Lair:3   | Reached skill level 11 in Short Blades
 15233 | Lair:4   | Noticed Nergalle
 15247 | Lair:4   | Killed Nergalle
 15297 | Lair:4   | Found a hole to the Spider Nest.
 16302 | Lair:5   | Reached XP level 14. HP: 76/76 MP: 19/19
 17031 | Lair:6   | Entered Level 6 of the Lair of Beasts
 17164 | Lair:6   | Found a runed translucent door.
 17216 | Lair:6   | Reached skill level 10 in Fighting
 17314 | Lair:6   | Reached skill level 10 in Shields
 17613 | Lair:6   | Reached skill level 12 in Short Blades
 18023 | Lair:6   | Found a staircase to the Slime Pits.
 19082 | D:12     | Found Motunef's Antique Weapon Shop.
 19101 | D:12     | Reached XP level 15. HP: 81/81 MP: 20/20
 19407 | D:12     | Noticed Kirke
 19479 | D:12     | Noticed a sphinx
 19484 | D:12     | Paralysed by a sphinx for 5 turns
 19819 | D:12     | Found a staircase to the Orcish Mines.
 20519 | D:13     | Noticed Frances
 20531 | D:13     | Killed Frances
 20532 | D:13     | Reached skill level 10 in Armour
 20675 | D:13     | Found a glowing golden altar of the Shining One.
 20685 | D:13     | Found Voreit's Jewellery Boutique.
 20742 | D:13     | You fall into a shaft and drop 2 floors!
 20742 | D:15     | Entered Level 15 of the Dungeon
 21004 | D:14     | Found a runed translucent gate.
 21004 | D:14     | Found a runed translucent gate.
 21004 | D:14     | Found a runed translucent gate.
 21157 | D:14     | Noticed Wizop's ghost (journeyman TeSu)
 21161 | D:14     | Found Asuguom's Assorted Antiques.
 21217 | D:14     | Found a gate leading to a gauntlet.
 21242 | Gauntlet | Entered a Gauntlet
 21242 | Gauntlet | Found a transporter.
 21271 | Gauntlet | Found a transporter.
 21273 | Gauntlet | Found a transporter.
 21284 | Gauntlet | Found a transporter.
 21287 | Gauntlet | Found a transporter.
 21298 | Gauntlet | Found a transporter.
 21315 | Gauntlet | Found a runed translucent gate.
 21316 | Gauntlet | Found a transporter.
 21316 | Gauntlet | Found a runed translucent gate.
 21317 | Gauntlet | Found a runed translucent gate.
 21326 | Gauntlet | Found a transporter.
 21331 | Gauntlet | Found a transporter.
 21334 | Gauntlet | Found a transporter.
 21353 | Gauntlet | Found a transporter.
 21353 | Gauntlet | Found a transporter.
 21377 | Gauntlet | Found a transporter.
 21391 | Gauntlet | Found a transporter.
 21563 | Gauntlet | Identified the ring "Vogyel" {Fire rPois}
 21606 | Gauntlet | Identified the +1 pair of gloves of Spring Thaw {rPois
                  | rCorr}
 22480 | Orc:1    | Entered Level 1 of the Orcish Mines
 22497 | Orc:1    | Reached skill level 10 in Dodging
 22717 | Orc:2    | Entered Level 2 of the Orcish Mines
 22745 | Orc:1    | Found Null's Magic Scroll Shoppe.
 22853 | Orc:1    | Bought a scroll of teleportation for 48 gold pieces
 22853 | Orc:1    | Bought a scroll of blinking for 120 gold pieces
 22853 | Orc:1    | Bought a scroll of teleportation for 48 gold pieces
 22853 | Orc:1    | Bought a scroll of teleportation for 48 gold pieces
 22853 | Orc:1    | Bought a scroll of teleportation for 48 gold pieces
 23039 | Orc:2    | Noticed Azrael
 23065 | Orc:2    | Killed Azrael
 23301 | Orc:2    | Found a shimmering blue altar of Sif Muna.
 23305 | Orc:2    | Found a staircase to the Elven Halls.
 23421 | Orc:2    | Found Samampua's Assorted Antiques.
 23421 | Orc:2    | Found Woneypn's Book Shoppe.
 23422 | Orc:2    | Found Cokelio's Armour Shoppe.
 23422 | Orc:2    | Found Seos's Armour Boutique.
 23572 | Orc:2    | Reached skill level 13 in Short Blades
 23600 | Orc:2    | Bought a scroll of enchant armour for 217 gold pieces
 23717 | Elf:1    | Entered Level 1 of the Elven Halls
 23732 | Elf:1    | Reached XP level 16. HP: 55/88 MP: 19/21
 23771 | Elf:1    | HP: 3/88 [poisoned by a +0 halberd of venom]
 23777 | Elf:1    | Found Gouv's Assorted Antiques.
 23781 | Elf:1    | HP: 4/88 [poisoned by a +2 glaive of venom]
 23781 | Elf:1    | Slain by a +2 glaive of venom

Illustrated notes

Levels and vault maps discovered:
D:1:      roderic_crop_circles_arrival_small, layout_basic, skrybe_limestone_x,
          minmay_fountain_box
D:2:      layout_loops_ring, basic_altar, hellmonk_ecumenical_altar_crossroads,
          minmay_randomly_rotated_circles, uniq_terence,
          uniq_crazy_yiuf_cottage, uniq_jessica
D:3:      layout_basic, serial_shops, nicolae_shop_crystal,
          hangedman_abyss_or_decor_lesser_grid
D:4:      layout_rooms, serial_aquarium, aquarium_bridge_straight
          [aquarium_subvault_bridge, aquarium_subvault_balcony,
          aquarium_subvault_bridge, aquarium_subvault_wall],
          aquarium_bridge_square [aquarium_subvault_window,
          aquarium_subvault_bridge, aquarium_subvault_wall,
          aquarium_subvault_wall], aquarium_window_double,
          aquarium_window_corner, aquarium_view_2g, kennysheep_path_1,
          chequers_garden, nicolae_concentric_dashed_squares_mild,
          grunt_decor_resistance, st_stairs_7
D:5:      layout_basic, minmay_pentangle
D:6:      layout_basic, minmay_temple_entry_wispy
D:7:      layout_loops_ring, serial_shops, kennysheep_mini_moat,
          nicolae_diamond_shop, nicolae_shop_crystal, nicolae_shop_hallway_plus,
          small_statue_intersection, kennysheep_generic_room_5, uniq_duvessa
D:8:      kennysheep_ambush_hall, layout_basic,
          lightli_ossuary_entry_decrepit_ruins, minmay_mini_ossuary
D:9:      layout_loops_corners, old_standard_altar, minivault_5
D:10:     layout_irregular_city, david_lair_generic, kb_rosetta, uniq_fannar
D:11:     kennysheep_six_static_rooms, layout_grid_maze, lightli_wizard_tower
D:12:     minmay_distorted_concentric_squares, layout_loops_cross, erik_orc_3,
          serial_shops, nicolae_square_shop, kennysheep_nub,
          nrook_loot_triangle, kennysheep_small_spiral, uniq_kirke
D:13:     layout_roguey, erik_vaults_2, serial_shops,
          nicolae_shop_advertising_works [nicolae_subvault_shop_adworks],
          tso_metal_star, uniq_frances
D:14:     layout_cave_pods, serial_shops, nicolae_take_the_stairs,
          gauntlet_entry_generic, serial_park_gazebo
          [serial_park_minivault_5x5_8], gammafunk_ghost_spectres,
          kennysheep_small_square
D:15:     grunt_enter_depths_hoard, layout_basic, minmay_orc_keep
Temple:   compressed_dpeg_triangle_lava_temple
Lair:1:   wad_woods_pond, layout_misc_corridors, patterned_corridor,
          uniq_joseph, uniq_harold
Lair:2:   layout_roguey, elwin_shoals_entry_rocks,
          chequers_serial_rivers_micro_d, serial_bayou_shore_a,
          grunt_megastairs_1, infiniplex_staircase_pool
Lair:3:   layout_hall_layers
Lair:4:   layout_loops_ring, spider_nest_entry_webs,
          infiniplex_staircase_pool_2, uniq_nergalle
Lair:5:   layout_cave_pods, serial_rivers, chequers_serial_rivers_room_b,
          chequers_serial_rivers_room_b, chequers_serial_rivers_small_3,
          chequers_serial_rivers_large_b, chequers_serial_rivers_room_b,
          chequers_serial_rivers_small_b
Lair:6:   wormcave, layout_regular_city, hangedman_lair_in_review,
          nicolae_slime_entry_slimehenge
Orc:1:    layout_caves, serial_shops, shop_scrolls
Orc:2:    grunt_orc_tribal_feast, layout_caves, led_sif_book, uniq_azrael
Elf:1:    minmay_elf_arrival_plus, layout_loops_cross, serial_shops, shop,
          nicolae_shop_temple_entry_statues_fountains, shop, minivault_28,
          lemuel_flame_loot_1

Skill      XL: |  1  2  3  4  5  6  7  8  9 10 11 12 13 14 15 |
---------------+----------------------------------------------+-----
Short Blades   | 2 3 4 5 8 10 11 12 13 | 13.1
Fighting       | 3 4 5 6 7 8 9 10 11 | 11.6
Shields        | 3 4 5 6 7 8 9 10 11 | 11.6
Dodging        | 1 2 3 4 5 7 8 9 10 | 10.3
Armour         | 3 4 5 6 7 8 9 10 | 10.6
Invocations    | 3 5 6 |  6.0

Action                   |  1- 3 |  4- 6 |  7- 9 | 10-12 | 13-15 | 16-18 || total
-------------------------+-------+-------+-------+-------+-------+-------++-------
Melee: Rapier            |    55 |    21 |       |       |       |       ||    76
       Bite              |    15 |    22 |   127 |   165 |   409 |     9 ||   747
       Short sword       |       |    95 |   246 |       |       |       ||   341
       Dagger            |       |       |    89 |   345 |       |       ||   434
       Headbutt          |       |       |    44 |    92 |   267 |     3 ||   406
       Kick              |       |       |       |    80 |       |       ||    80
       Quick blade       |       |       |       |    99 |   970 |    24 ||  1093
       Unarmed           |       |       |       |       |    10 |       ||    10
Invok: Stomp             |       |       |       |     1 |     8 |       ||     9
Evoke: Wand              |       |       |       |     1 |       |       ||     1
  Use: Scroll            |       |     4 |    11 |     9 |    19 |     5 ||    48
       Potion            |       |       |     1 |       |       |     2 ||     3
 Stab: Paralysed         |       |       |    16 |    39 |    81 |     1 ||   137
       Confused          |       |       |       |       |     4 |       ||     4
       Petrifying        |       |       |       |       |     1 |       ||     1
Armor: Scale mail        |    16 |    30 |    67 |    71 |       |       ||   184
       Plate armour      |       |       |       |    23 |   145 |       ||   168
       Crystal plate arm |       |       |       |       |    97 |     6 ||   103
Dodge: Dodged            |    24 |    78 |   156 |   108 |   132 |     2 ||   500
       Repelled          |       |       |       |       |     8 |     1 ||     9
Block: Buckler           |     8 |    25 |    47 |    18 |       |       ||    98
       Kite shield       |       |       |       |   165 |   239 |     8 ||   412

Table legend: (Time is in decaauts)
 A = Elapsed time spent in this place.
 B = Non-inter-level travel time spent in this place.
 C = Inter-level travel time spent in this place.
 D = Time resting spent in this place.
 E = Time spent auto-exploring this place.
 F = Levels seen in this place.
 G = Mean time per level.
                   A        B        C        D        E       F      G
               +--------+--------+--------+--------+--------+-----+--------+
         Total |  23142 |  20824 |   2318 |    978 |  15694 |  27 |  857.1 |
       Dungeon |  14970 |  13030 |   1940 |    515 |   9989 |  15 |  998.0 |
        Temple |    316 |    316 |      0 |      0 |    247 |   1 |  316.0 |
          Lair |   5711 |   5334 |    377 |    145 |   4352 |   6 |  951.8 |
  Orcish Mines |   1108 |   1108 |      0 |    151 |    605 |   2 |  554.0 |
   Elven Halls |     42 |     42 |      0 |      0 |      0 |   1 |   42.0 |
       Ossuary |    322 |    322 |      0 |      0 |    180 |   1 |  322.0 |
      Gauntlet |    669 |    669 |      0 |    167 |    321 |   1 |  669.0 |
               +--------+--------+--------+--------+--------+-----+--------+

Top non-repeatable levels by time:
    D:11: 1769 daAuts
     D:9: 1671 daAuts
    D:10: 1537 daAuts
  Lair:6: 1353 daAuts
     D:6: 1279 daAuts
     D:2: 1171 daAuts
     D:7: 1085 daAuts
    D:12: 1018 daAuts
  Lair:5: 1012 daAuts
  Lair:2: 909 daAuts
     D:5: 894 daAuts
  Lair:4: 894 daAuts
     D:3: 833 daAuts
    D:14: 817 daAuts
  Lair:1: 787 daAuts
